Map: Ruinas de Endión

Players

xXkazperXx - Winner!

  • Race: Zerg Zerg
  • League: Bronze

Enki

  • Race: Terran Terran
  • League: Bronze

VOD

Have the link to the VOD?

Description

Time

  • Played on: April 7, 2016, 11:45 p.m.
  • Length: 16:14
Show
View Real Time Build Order
Export as new Build Order

xXkazperXx Zerg - Winner!

Build Orders: Pool First, Lurkers 

Get SALT Encoding   

  12  0:02  Drone  
  13  0:23  Spawning Pool  
  13  0:26  Drone  
  13  0:35  Extractor  
  13  0:37  Overlord  
  12  1:01  Drone x3  
  15  1:10  Queen  
  17  1:17  Zergling x2  
  18  1:24  Zergling x2  
  19  1:35  Zergling x2  
  20  1:46  Lair  
  20  1:49  Zergling x2  
  21  2:05  Roach Warren  
  21  2:06  Drone x2  
  22  2:14  Extractor  
  21  2:18  Zergling x2  
  21  2:20  Overlord  
  22  2:48  Zergling x6  
  22  2:50  Metabolic Boost  
  24  3:09  Zergling x2  
  25  3:17  Hydralisk Den  
  25  3:19  Zergling x2  
  18  4:06  Spire  
  17  4:17  Lurker Den  
  17  4:18  Hydralisk  
  17  4:19  Overlord  
  19  4:37  Zergling x6  
  22  4:51  Hydralisk  
  24  4:55  Drone  
  24  4:59  Drone  
  21  5:44  Lurker x2  
  23  5:53  Drone  
  23  5:54  Hatchery  
  23  6:17  Mutalisk  
  25  6:22  Drone x2  
  27  6:31  Drone x2  
  29  6:40  Mutalisk  
  31  6:48  Mutalisk  
  33  6:56  Drone x2  
  35  7:13  Drone x3  
  38  7:56  Drone x3  
  41  8:19  Zergling x6  
  44  8:21  Overlord  
  44  8:39  Queen  
  46  9:32  Hydralisk x3  
  46  9:37  Overlord  
  46  9:38  Overlord x2  
  52  10:16  Drone x3  
  52  10:18  Drone x3  
  58  10:41  Infestation Pit  
  57  10:48  Drone x2  
  59  10:50  Drone  
  59  10:51  Drone  
  51  11:12  Zergling x6  
  51  11:18  Hydralisk x4  
  54  11:25  Lurker x3  
  63  11:50  Lurker x2  
  63  11:51  Mutalisk x2  
  63  11:52  Mutalisk  
  63  11:53  Mutalisk x3  
  75  11:56  Hive  
  75  11:59  Burrow  
  75  12:55  Overlord x3  
  75  12:56  Overlord x3  
  75  13:09  Pneumatized Carapace  
  75  14:04  Infestor, Corruptor x3  
  75  14:06  Corruptor  
  85  14:16  Extractor  
  84  14:19  Extractor  
  83  14:39  Greater Spire  
  83  14:41  Hatchery  
  83  14:42  Drone x3  
Show
View Real Time Build Order
Export as new Build Order

Enki Terran 

Build Orders:  

Get SALT Encoding   

  12  0:23  SCV  
  13  0:32  Supply Depot  
  13  0:35  SCV  
  14  0:48  SCV  
  15  1:00  SCV  
  16  1:04  Barracks  
  16  1:07  Refinery  
  16  1:12  SCV  
  17  1:21  Refinery  
  17  1:24  SCV  
  18  1:25  Supply Depot  
  18  1:36  SCV  
  19  1:48  SCV  
  20  1:54  Marine  
  20  2:00  SCV  
  22  2:02  Barracks  
  22  2:12  Marine, SCV  
  24  2:19  Supply Depot  
  24  2:24  SCV  
  25  2:30  Marine  
  25  2:36  SCV  
  27  2:48  Marine  
  27  2:49  SCV  
  27  2:51  Supply Depot  
  29  2:55  Barracks  
  29  2:56  Marine  
  30  3:01  SCV  
  31  3:05  Marine  
  32  3:13  Marine, SCV  
  34  3:20  Supply Depot  
  34  3:23  Marine  
  35  3:31  Marine  
  36  3:41  Marine  
  36  3:49  Marine  
  35  3:59  Marine  
  36  4:07  Marine  
  36  4:09  Engineering Bay  
  37  4:13  Engineering Bay  
  37  4:14  Marine  
  38  4:17  Marine  
  39  4:25  Marine  
  40  4:32  Marine  
  40  4:35  Marine  
  42  4:42  Marine  
  43  4:45  Supply Depot  
  43  4:48  Terran Infantry Weapons Level 1  
  43  4:50  Marine  
  43  4:52  Marine  
  44  4:55  Terran Infantry Armor Level 1  
  45  5:00  Marine  
  46  5:08  Marine  
  46  5:09  Supply Depot  
  46  5:10  Marine  
  48  5:18  Marine  
  49  5:24  Supply Depot  
  49  5:26  Marine  
  49  5:28  Marine  
  50  5:36  Marine  
  51  5:43  Marine  
  51  5:45  Barracks  
  51  5:46  Marine  
  53  5:53  Barracks  
  53  5:54  Marine  
  54  5:57  Missile Turret  
  54  6:01  Marine  
  54  6:04  Marine  
  56  6:19  Marine  
  56  6:25  Missile Turret  
  57  6:41  Command Center  
  57  7:16  Marine, Missile Turret  
  57  7:18  Marine  
  57  7:20  Marine  
  60  7:24  Marine  
  60  7:27  Marine  
  62  7:34  Marine  
  62  7:35  Marine  
  61  7:40  Missile Turret  
  52  7:48  Missile Turret  
  39  7:52  Marine  
  39  7:53  Marine  
  33  8:01  SCV  
  33  8:10  Marine  
  33  8:11  Marine  
  30  8:26  Marine  
  31  8:27  Marine  
  31  8:28  Marine x2  
  31  8:29  Marine  
  35  8:48  Marine  
  36  8:49  Marine  
  36  8:50  Marine  
  36  8:51  Marine  
  36  8:52  Marine  
  35  9:32  Marine  
  35  9:34  Marine  
  35  9:35  Marine  
  35  9:36  Marine  
  35  9:37  Marine  
  40  9:45  SCV  
  41  9:52  Marine  
  42  9:53  Marine  
  42  9:57  SCV  
  44  10:09  SCV  
  45  10:17  Missile Turret  
  45  10:18  Marine  
  46  10:28  Marine  
  47  10:32  SCV  
  48  10:44  SCV  
  44  10:55  Barracks  
  35  11:07  Marine  
  35  11:08  Marine  
  37  11:16  SCV  
  38  11:31  SCV  
  39  11:43  SCV, Missile Turret  
  25  11:55  SCV, Missile Turret  
  25  11:59  Missile Turret  
  26  12:02  SCV  
  26  12:08  SCV  
  28  12:14  SCV  
  29  12:20  SCV  
  30  12:26  SCV  
  30  12:28  Marine  
  32  12:37  Marine  
  32  12:38  Marine, SCV  
  32  12:39  Marine  
  32  12:40  Marine  
  37  12:46  Marine  
  37  12:50  Marine, SCV  
  40  12:55  Marine  
  40  12:58  Marine  
  41  13:02  SCV  
  41  13:04  Marine  
  42  13:14  SCV  
  43  13:26  SCV  
  43  13:31  Marine  
  43  13:32  Marine x2  
  43  13:33  Marine  
  43  13:34  Marine  
  37  13:39  Command Center  
  27  13:52  Marine  
  27  13:53  Marine x2  
  27  13:54  Marine x2  
  27  14:17  Marine  
  27  14:19  Marine x2  
  27  14:20  Marine  
  31  14:35  Marine  
  31  14:37  Marine  
  31  14:38  Marine  
  34  14:51  SCV  
  35  15:03  SCV  
  35  15:05  Marine x2  
  37  15:15  SCV  
  37  15:21  Marine x2  
  40  15:29  SCV  
  22  15:51  Marine x2  
Tags
 
Composition
Lurkers
Matchup
TvZ
Opening
Pool First
Replay Pack
replays pack
Add a new tag
Caveats
  • Supply blocks, unpowered buildings, or Contaminate may cause inaccurate times.
  • Supply counts are checked every 10 seconds.